 Dungeon Crawl Stone Soup version 0.20.1-1-g8b1a95d (webtiles) character file.

79 Folque the Conjurer (level 4, -1/35 HPs)
             Began as a Human Conjurer on Nov 3, 2017.
             Slain by Crazy Yiuf
             ... wielding a +2 quarterstaff of chaos
              (4 damage)
             ... on level 2 of the Dungeon.
             The game lasted 00:09:12 (1889 turns).

Folque the Conjurer (Human Conjurer)                Turns: 1889, Time: 00:09:13

Health: -1/35      AC:  2    Str:  8    XL:     4   Next: 62%
Magic:  0/8        EV: 12    Int: 17    God:
Gold:   116        SH:  0    Dex: 13    Spells: 5/8 levels left

rFire    . . .     SeeInvis .   j - +2 dagger (pain)
rCold    . . .     Gourm    .   (no shield)
rNeg     . . .     Faith    .   a - +0 robe
rPois    .         Spirit   .   (no helmet)
rElec    .         Reflect  .   (no cloak)
rCorr    .         Harm     .   (no gloves)
MR       .....                  (no boots)
Stlth    ++........             (no amulet)
Regen    0.2/turn               (no ring)
MPRegen  0.2/turn               (no ring)

@: no status effects
A: no striking features
a: no special abilities


You were on level 2 of the Dungeon.
You were not hungry.

You visited 1 branch of the dungeon, and saw 2 of its levels.

You collected 116 gold pieces.

Inventory:

Hand Weapons
 j - a +2 dagger of pain (weapon)
Armour
 a - a +0 robe (worn)
 p - a +0 leather armour
Scrolls
 g - 2 scrolls of remove curse {unknown}
 k - 2 scrolls of identify {unknown}
 l - 2 scrolls of teleportation {unknown}
 m - 3 scrolls of fear {unknown}
 o - a scroll of noise {unknown}
Potions
 d - a potion of agility {unknown}
 e - a potion of mutation {unknown}
 h - a potion of lignification {unknown}
 n - 2 potions of curing {unknown}
 q - a potion of brilliance {unknown}
Books
 b - a book of Conjurations

   Spells                             Type                      Level
   a - Magic Dart                     Conjuration                  1
   b - Searing Ray                    Conjuration                  2
   c - Dazzling Spray                 Conjuration/Hexes            3
   d - Fulminant Prism                Conjuration/Hexes            4
   e - Force Lance                    Conjuration/Translocation    4
   f - Iskenderun's Mystic Blast      Conjuration                  4
Comestibles
 c - 2 bread rations
 f - a meat ration
 i - 2 chunks of flesh
 r - a royal jelly


   Skills:
 - Level 3.0 Fighting
 - Level 2.0 Dodging
 - Level 2.0 Stealth
 + Level 2.8 Spellcasting
 * Level 4.0 Conjurations


You had 5 spell levels left.
You knew the following spells:

 Your Spells              Type           Power        Failure   Level  Hunger
a - Magic Dart            Conj           ###.         3%          1    #......
b - Searing Ray           Conj           ###...       4%          2    ##.....


Dungeon Overview and Level Annotations

Branches:
Dungeon (2/15)

Altars:
Gozag
Hepliaklqana
Ru

Annotations:
D:2 Crazy Yiuf


Message History

You finish channeling your searing ray.
Crazy Yiuf hits you with a quarterstaff of chaos!
Crazy Yiuf burns you.
Casting: Searing Ray
Confirm with . or Enter, or press ? or * to list all spells.
Aiming: Searing Ray
Press: ? - help, Shift-Dir - straight line, f/p - Crazy Yiuf
Aim: Crazy Yiuf, wielding a quarterstaff of chaos and wearing a cloak (severely wounded)
The searing ray misses Crazy Yiuf. (Press . to maintain the ray.) Crazy Yiuf misses you.
The searing ray hits Crazy Yiuf.
Crazy Yiuf is almost dead.
Crazy Yiuf hits you with a quarterstaff of chaos!
Without enough magic to sustain it, your searing ray dissipates.
Crazy Yiuf yells, "Cod!
You infinity stair."
Crazy Yiuf hits you with a quarterstaff of chaos!
* * * LOW HITPOINT WARNING * * *
Crazy Yiuf burns you.
You die...

#### ♣♣♣♣♣##..# ###
♣♣♣.♣....#.#
#...#♣..♣.......#
#...g@♣♣♣♣......######
#)..#♣♣ ♣♣...........
### ♣♣######.##. #....
#..## ###
############.#
#.###..........[.##
#.....###.######.##
####...........#.##


You could see Crazy Yiuf.

Vanquished Creatures
  3 adders (D:2)
  An ooze (D:2)
  A worm (D:2)
  A dart slug (D:2)
  A leopard gecko (D:2)
  8 bats
  A giant cockroach (D:1)
  3 goblins (D:1)
  7 hobgoblins
  2 jackals (D:1)
  5 ball pythons
  2 frilled lizards (D:1)
  2 kobolds
  6 rats
43 creatures vanquished.

Notes
Turn   | Place    | Note
-------+----------+-------------------------------------------
     0 | D:1      | Folque the Human Conjurer began the quest for the Orb.
     0 | D:1      | Reached XP level 1. HP: 13/13 MP: 3/3
   424 | D:1      | Reached XP level 2. HP: 20/20 MP: 1/5
   477 | D:1      | Reached skill level 1 in Fighting
   701 | D:1      | Learned a level 2 spell: Searing Ray
  1032 | D:1      | Reached XP level 3. HP: 26/27 MP: 6/6
  1120 | D:2      | Found an opulent altar of Gozag.
  1264 | D:2      | Found a sacrificial altar of Ru.
  1471 | D:2      | Reached XP level 4. HP: 30/34 MP: 3/8
  1717 | D:2      | Found a hazy altar of Hepliaklqana.
  1765 | D:2      | Found a runed door.
  1882 | D:2      | Noticed Crazy Yiuf
  1889 | D:2      | Slain by Crazy Yiuf

Skill      XL: |  1  2  3  4 |
---------------+-------------+-----
Fighting       | 1 2 3 |  3.0
Dodging        | |  2.0
Stealth        | |  2.0
Spellcasting   | |  2.8
Conjurations   | |  4.0

Action                   |  1- 3 |  4- 6 || total
-------------------------+-------+-------++-------
Melee: Unarmed           |    24 |       ||    24
       Dagger            |    40 |       ||    40
 Cast: Magic Dart        |    37 |     6 ||    43
       Searing Ray       |     4 |     4 ||     8
 Stab: Sleeping          |     7 |       ||     7
  Eat: Chunk             |     2 |     2 ||     4
Armor: Robe              |    12 |       ||    12
Dodge: Dodged            |    55 |     3 ||    58
